[Event "Titled Tuesday Blitz June 21 Early 2022"]
[White "Puranik, Abhimanyu"]
[Black "Guz, Ari"]
[WhiteFideId "5061245"]
[BlackFideId "2825759"]
[WhiteElo "2520"]
[BlackElo "1913"]
[Result "1-0"]
[Round "04"]
[TimeControl "180+1"]
[Date "2022.06.21"]
[WhiteClock "0:00:18"]
[BlackClock "0:00:10"]

1. e4 e6 2. d4 d5 3. Nd2 dxe4 4. Nxe4 Nf6 5. Nxf6+ gxf6 6. Nf3 b6 7. Be2 Bb7 8. O-O Nd7 9. c4 Bd6 10. Re1 Qe7 11. d5 O-O-O 12. Bd3 Ne5 13. Nxe5 Bxe5 14. Be4 Qd6 15. g3 Rhg8 16. Bg2 f5 17. Qe2 Bd4 18. Bf4 Qc5 19. dxe6 Bxg2 20. Kxg2 Rge8 21. Qf3 fxe6 22. Rad1 Kb8 23. b4 Qxb4 24. Qc6 e5 25. Bxe5 Bxe5 26. Rxe5 Rf8 27. Rde1 Qd6 28. Qf3 f4 29. c5 Qg6 30. cxb6 axb6 31. Re6 Qf5 32. R1e5 Qd3 33. Qxd3 Rxd3 34. Re8+ Rxe8 35. Rxe8+ Kb7 36. gxf4 Rd2 37. f5 Rd5 38. f6 Rf5 39. Re6 Kc8 40. Kg3 Kd7 41. Re7+ Kd6 42. Rxh7 Rxf6 43. h4 Re6 44. h5 Re2 45. h6 Rxa2 46. Rg7 Ra3+ 47. Kg4 Ra1 48. h7 Rh1 49. f4 b5 50. Kf5 b4 51. Kg6 b3 52. Rg8 c5 53. h8=Q Rxh8 54. Rxh8 c4 55. Rb8 Kd5 56. f5 c3 57. Rxb3 1-0


[Site "https://www.chess.com"]

[Event "Titled Tuesday Blitz June 21 Early 2022"]
[White "Rangel, Daniel"]
[Black "Espinosa Veloz, Ermes"]
[WhiteFideId "2124475"]
[BlackFideId "3507424"]
[WhiteElo "2225"]
[BlackElo "2333"]
[Result "0-1"]
[Round "04"]
[TimeControl "180+1"]
[Date "2022.06.21"]
[WhiteClock "0:01:04"]
[BlackClock "0:01:43"]

1. c4 e5 2. g3 c6 3. Bg2 d5 4. cxd5 cxd5 5. Nf3 Nc6 6. O-O Nf6 7. d4 e4 8. Ne5 Bd6 9. Bf4 O-O 10. Nxc6 bxc6 11. Bxd6 Qxd6 12. Nc3 Rb8 13. Qd2 Re8 14. e3 h5 15. h4 Bg4 16. Rfc1 Nh7 17. Na4 g5 18. hxg5 Nxg5 19. Qc3 Rbc8 20. Qc5 Qe6 21. Nc3 Bf3 22. Bxf3 exf3 23. Kf1 Qh3+ 24. Ke1 Qg2 25. Nd1 Ne4 26. Qc2 Qg1# 0-1


[Site "https://www.chess.com"]

[Event "Titled Tuesday Blitz June 21 Early 2022"]
[White "Riehle, Marco"]
[Black "Lazavik, Denis"]
[WhiteFideId "12904392"]
[BlackFideId "13515110"]
[WhiteElo "2462"]
[BlackElo "2437"]
[Result "1/2-1/2"]
[Round "04"]
[TimeControl "180+1"]
[Date "2022.06.21"]
[WhiteClock "0:00:41"]
[BlackClock "0:00:06"]

1. e4 c5 2. a3 Nc6 3. b4 cxb4 4. axb4 Nxb4 5. d4 d5 6. c3 Nc6 7. exd5 Qxd5 8. Na3 Bf5 9. Nb5 Rc8 10. Nxa7 Nxa7 11. Rxa7 Nf6 12. Nf3 g6 13. Bd3 Bxd3 14. Qxd3 Bg7 15. O-O O-O 16. Ne5 Rfd8 17. Re1 Nd7 18. Nxd7 Rxd7 19. Qe3 e6 20. h3 Qc6 21. Bd2 b5 22. Rea1 b4 23. Rxd7 Qxd7 24. Rb1 bxc3 25. Bxc3 Qd5 26. Re1 h5 27. Ba1 Bf6 28. g3 Kg7 29. h4 Rc4 30. Bb2 Kg8 31. Ba1 Bxd4 32. Bxd4 Rxd4 33. Rc1 Kg7 34. Qc3 e5 35. Re1 Rd1 36. Rxd1 Qxd1+ 37. Kh2 Qd5 38. Qb2 Qd4 39. Qc2 e4 40. Kg2 Qd5 41. Qb2+ Kh7 42. Kh2 Qe6 43. Qe2 Qe5 44. Qe3 Kg7 45. Kg2 Kf6 46. Qb6+ Kf5 47. Qe3 Qd5 48. Qf4+ Ke6 49. Qe3 Qd3 50. Qb6+ Kf5 51. Qc5+ Kf6 52. Qb6+ Kg7 53. Qb2+ Kh7 54. Qf6 Qd5 55. Kh2 Qf5 56. Qd4 Kg8 57. Qd8+ Kg7 58. Qd4+ Qf6 59. Qe3 Qe5 60. Kg2 Kf6 61. Qb6+ Kf5 62. Qe3 Ke6 63. Qb6+ Qd6 64. Qb3+ Qd5 65. Qb6+ Kf5 66. Qe3 f6 67. Qf4+ Ke6 68. Qe3 g5 69. hxg5 fxg5 70. Qb6+ Kf5 71. Kh2 Kg4 72. Qe3 Qf5 73. Qd4 h4 74. Qd1+ Qf3 75. Qd7+ Kh5 76. Qh7+ Kg4 77. Qd7+ Kh5 78. Qh7+ Kg4 79. Qd7+ 1/2-1/2


[Site "https://www.chess.com"]

[Event "Titled Tuesday Blitz June 21 Early 2022"]
[White "Rios Escobar, Adan"]
[Black "Yaksin, Oleg"]
[WhiteFideId "3403645"]
[BlackFideId "24105880"]
[WhiteElo "2446"]
[BlackElo "2256"]
[Result "0-1"]
[Round "04"]
[TimeControl "180+1"]
[Date "2022.06.21"]
[WhiteClock "0:00:03"]
[BlackClock "0:00:15"]

1. d4 Nf6 2. g3 e6 3. c4 d5 4. Nf3 dxc4 5. Bg2 a6 6. O-O Nc6 7. e3 Rb8 8. Nfd2 e5 9. Nxc4 exd4 10. exd4 Nxd4 11. Re1+ Be7 12. Bg5 Be6 13. Ne5 O-O 14. Nc3 c5 15. Rc1 b5 16. h3 Qb6 17. Ne2 Rbd8 18. Nxd4 Rxd4 19. Qe2 Nd5 20. Bxe7 Nxe7 21. Nf3 Rd6 22. Qe3 c4 23. Qf4 Nd5 24. Qh4 h6 25. Nd4 Nf6 26. Nxe6 Rxe6 27. Rxe6 Qxe6 28. Qd4 Re8 29. a4 Qe5 30. Qxe5 Rxe5 31. a5 Re2 32. Rb1 Nd7 33. Bb7 Nc5 34. Bf3 Rd2 35. h4 Nb3 36. Bb7 Rd6 37. Ra1 Nxa1 38. Kg2 Nb3 39. h5 Nxa5 40. Be4 b4 41. Bb1 c3 42. g4 cxb2 43. g5 hxg5 44. f4 gxf4 45. h6 gxh6 46. Kf3 Rd1 47. Ba2 Ra1 48. Bb1 Rxb1 49. Kg4 Re1 50. Kf5 b1=Q+ 51. Kf6 Qg6# 0-1


[Site "https://www.chess.com"]

[Event "Titled Tuesday Blitz June 21 Early 2022"]
[White "Roberson, Peter T"]
[Black "Samaganova, Aleksandra"]
[WhiteFideId "412384"]
[BlackFideId "13800221"]
[WhiteElo "2346"]
[BlackElo "1864"]
[Result "0-1"]
[Round "04"]
[TimeControl "180+1"]
[Date "2022.06.21"]
[WhiteClock "0:00:04"]
[BlackClock "0:00:11"]

1. e4 c5 2. Na3 e6 3. c3 Nf6 4. d3 Nc6 5. Nf3 d5 6. e5 Nd7 7. d4 a6 8. Nc2 b5 9. Be2 Be7 10. O-O O-O 11. Re1 Rb8 12. a3 a5 13. dxc5 Bxc5 14. Bd3 Be7 15. Ncd4 Nxd4 16. Nxd4 b4 17. Nc6 Qe8 18. Nxb8 Nxb8 19. cxb4 axb4 20. a4 Qc6 21. a5 Ba6 22. Be3 Qb7 23. Bxa6 Nxa6 24. Qg4 Rc8 25. Rec1 b3 26. Rxc8+ Qxc8 27. Rc1 Qb7 28. Qa4 Qb8 29. Qd7 Bf8 30. Rc8 Qb4 31. g3 h6 32. Qc6 Qxa5 33. Ra8 Qe1+ 34. Kg2 Nb4 35. Rxf8+ Kh7 36. Qc1 Qe2 37. Rxf7 Nd3 38. Qd2 Ne1+ 39. Kh3 Qh5# 0-1


[Site "https://www.chess.com"]

[Event "Titled Tuesday Blitz June 21 Early 2022"]
[White "Rosenberg, Evan S"]
[Black "Mindlin, Alon"]
[WhiteFideId "2019299"]
[BlackFideId "2800071"]
[WhiteElo "2387"]
[BlackElo "2390"]
[Result "0-1"]
[Round "04"]
[TimeControl "180+1"]
[Date "2022.06.21"]
[WhiteClock "0:00:05"]
[BlackClock "0:00:25"]

1. e4 e5 2. Bc4 Nf6 3. d3 c6 4. Nf3 d5 5. Bb3 Bd6 6. O-O O-O 7. Bg5 dxe4 8. dxe4 h6 9. Bh4 Qe7 10. Qe2 Na6 11. Nbd2 Nc5 12. Rad1 Bg4 13. h3 Bh5 14. Rfe1 Rad8 15. Qe3 a5 16. g4 Bg6 17. g5 hxg5 18. Qxg5 Nxb3 19. axb3 Qe6 20. Kg2 Nh5 21. Bg3 Rfe8 22. Nc4 Nxg3 23. Qxg3 Bc7 24. h4 Rxd1 25. Rxd1 Bxe4 26. Re1 Bd5 27. Ne3 e4 28. Qxc7 exf3+ 29. Kh1 Qh3+ 30. Qh2 Qe6 31. Kg1 Qf6 32. c3 Re4 33. Nc2 Qg6+ 34. Kf1 Re2 35. Ne3 Qd3 36. Qb8+ Kh7 37. Rxe2 Qxe2+ 38. Kg1 Qe1+ 39. Nf1 Qe4 40. Qg3 Be6 41. Nd2 Qe1+ 42. Nf1 Bxb3 43. Qxf3 Bc4 44. Qf5+ g6 45. Qh3 a4 46. h5 Qxf1+ 47. Qxf1 Bxf1 48. Kxf1 gxh5 49. Ke2 Kg6 50. Kd3 Kf5 51. Ke3 b5 52. Kf3 c5 53. Kg3 b4 54. cxb4 cxb4 55. Kh4 a3 0-1


[Site "https://www.chess.com"]

[Event "Titled Tuesday Blitz June 21 Early 2022"]
[White "Sailer, Mike"]
[Black "Warchol, Kamil"]
[WhiteFideId "2012901"]
[BlackFideId "21858241"]
[WhiteElo "2109"]
[BlackElo "1951"]
[Result "0-1"]
[Round "04"]
[TimeControl "180+1"]
[Date "2022.06.21"]
[WhiteClock "0:00:14"]
[BlackClock "0:00:33"]

1. d4 Nf6 2. Nf3 d5 3. Bf4 c5 4. e3 Nc6 5. Nc3 Bf5 6. Be2 Rc8 7. O-O h6 8. Ne5 e6 9. Nxc6 bxc6 10. Ba6 Rc7 11. Bxc7 Qxc7 12. Bd3 Bg4 13. f3 Bh5 14. Qe1 c4 15. Be2 Bd6 16. f4 Bg6 17. Qh4 Bxc2 18. Bg4 O-O 19. Rf3 Bg6 20. Rh3 Nxg4 21. Qxg4 Bf5 22. Qh4 Bxh3 23. Qxh3 Rb8 24. Rb1 Bb4 25. Nd1 Qa5 26. a3 Bxa3 27. f5 Qe1# 0-1


[Site "https://www.chess.com"]

[Event "Titled Tuesday Blitz June 21 Early 2022"]
[White "Samadov, Read"]
[Black "Fier, Alexandr"]
[WhiteFideId "13417444"]
[BlackFideId "2107139"]
[WhiteElo "2084"]
[BlackElo "2571"]
[Result "0-1"]
[Round "04"]
[TimeControl "180+1"]
[Date "2022.06.21"]
[WhiteClock "0:00:04"]
[BlackClock "0:01:35"]

1. d4 Nf6 2. c4 c5 3. d5 e6 4. Nc3 exd5 5. cxd5 d6 6. e4 g6 7. f4 Bg7 8. Nf3 O-O 9. Be2 Re8 10. e5 dxe5 11. fxe5 Ng4 12. e6 fxe6 13. d6 Nc6 14. O-O Bd7 15. Bg5 Qb6 16. Na4 Qa5 17. Bd2 Nb4 18. a3 Bxa4 19. b3 Qb6 20. axb4 cxb4+ 21. Kh1 Bc6 22. Bg5 Nf2+ 23. Rxf2 Qxf2 24. Rc1 Bc3 25. Bc4 Bxf3 26. gxf3 Be5 27. Rc2 Qd4 28. Rd2 Qc5 29. d7 Red8 30. Bxe6+ Kg7 31. Rd5 Qc3 32. Bxd8 Rxd8 33. Qe2 Bf6 34. Rd3 Qc1+ 35. Kg2 a5 36. Bc4 b5 37. Bd5 Rxd7 38. Qe6 Re7 39. Qg8+ Kh6 40. Qf8+ Kh5 41. Qxf6 Re2+ 42. Kg3 Qg1+ 43. Kf4 Qxh2# 0-1


[Site "https://www.chess.com"]

[Event "Titled Tuesday Blitz June 21 Early 2022"]
[White "Samunenkov, Ihor"]
[Black "Manukian, Artak"]
[WhiteFideId "14187086"]
[BlackFideId "13301373"]
[WhiteElo "2409"]
[BlackElo "2474"]
[Result "1-0"]
[Round "04"]
[TimeControl "180+1"]
[Date "2022.06.21"]
[WhiteClock "0:01:47"]
[BlackClock "0:01:47"]

1. d4 Nf6 2. c4 e6 3. Nc3 Bb4 4. e3 O-O 5. Bd2 d5 6. Nf3 c5 7. a3 Bxc3 8. Bxc3 Ne4 9. Rc1 b6 10. dxc5 Nxc3 11. Rxc3 bxc5 12. cxd5 exd5 13. Rxc5 Qb6 14. Rb5 Qf6 15. Qd4 Qg6 16. Bd3 Bf5 17. Nh4 Bxd3 18. Nxg6 Bxg6 19. Rxd5 Nc6 20. Qc5 Rac8 21. O-O Ne5 22. Rxe5 Rxc5 23. Rxc5 a6 24. Rfc1 h5 25. Rc8 1-0


[Site "https://www.chess.com"]

[Event "Titled Tuesday Blitz June 21 Early 2022"]
[White "Sankalan Shah"]
[Black "Migot, Tangi"]
[WhiteFideId "25600362"]
[BlackFideId "662445"]
[WhiteElo "1648"]
[BlackElo "2488"]
[Result "0-1"]
[Round "04"]
[TimeControl "180+1"]
[Date "2022.06.21"]
[WhiteClock "0:00:16"]
[BlackClock "0:00:41"]

1. d4 d5 2. c4 e6 3. Nc3 h6 4. Nf3 Nf6 5. Bf4 Bd6 6. e3 Bxf4 7. exf4 O-O 8. c5 b6 9. b4 c6 10. Bd3 a5 11. a3 Ba6 12. O-O Qc7 13. Ne5 Nbd7 14. Qc2 Bxd3 15. Qxd3 b5 16. g3 Ra7 17. Rae1 axb4 18. axb4 Rfa8 19. f5 exf5 20. Qxf5 Ra3 21. Re3 Qc8 22. Rfe1 Ra1 23. Kg2 Rxe1 24. Rxe1 Nxe5 25. Qxe5 Qg4 26. h3 Qc8 27. Qd6 h5 28. h4 Ra3 29. Re3 Ng4 30. Rf3 Qe8 31. Qf4 Rb3 32. Qg5 g6 33. Nxd5 Rxf3 34. Ne7+ Kf8 35. Kxf3 Qxe7 0-1


[Site "https://www.chess.com"]

[Event "Titled Tuesday Blitz June 21 Early 2022"]
[White "Sarana, Alexey"]
[Black "Bluebaum, Matthias"]
[WhiteFideId "24133795"]
[BlackFideId "24651516"]
[WhiteElo "2666"]
[BlackElo "2556"]
[Result "0-1"]
[Round "04"]
[TimeControl "180+1"]
[Date "2022.06.21"]
[WhiteClock "0:00:01"]
[BlackClock "0:00:17"]

1. d4 Nf6 2. c4 e6 3. Nc3 d5 4. cxd5 exd5 5. Bg5 c6 6. e3 h6 7. Bh4 Be7 8. Bd3 O-O 9. Nge2 Re8 10. O-O a5 11. f3 b5 12. Rc1 Nbd7 13. Bb1 Nb6 14. e4 dxe4 15. fxe4 b4 16. e5 Ng4 17. Qd3 Bxh4 18. Qh7+ Kf8 19. Rxf7+ Kxf7 20. Bg6+ Ke6 21. Bf5+ Kf7 22. Bg6+ Ke6 23. Ne4 Kd7 24. Bxe8+ Qxe8 25. Qxg7+ Qe7 26. Qxg4+ Kc7 27. Qf3 Bd7 28. Nd6 Rf8 29. Qd3 Qg5 30. Qa6 Qe3+ 31. Kh1 Nd5 32. Qxa5+ Kb8 33. Rg1 Qxe2 0-1


[Site "https://www.chess.com"]

[Event "Titled Tuesday Blitz June 21 Early 2022"]
[White "Sargsyan, Anna M."]
[Black "Samsonkin, Artiom"]
[WhiteFideId "13308130"]
[BlackFideId "13503111"]
[WhiteElo "2271"]
[BlackElo "2513"]
[Result "1-0"]
[Round "04"]
[TimeControl "180+1"]
[Date "2022.06.21"]
[WhiteClock "0:01:19"]
[BlackClock "0:00:01"]

1. d4 d5 2. c4 dxc4 3. Nf3 Nf6 4. e3 a6 5. Bxc4 b5 6. Bd3 Bb7 7. O-O e6 8. Qe2 Nbd7 9. a4 b4 10. Nbd2 c5 11. Nc4 Be7 12. Rd1 Qc7 13. Bd2 O-O 14. Nfe5 Nxe5 15. Nxe5 cxd4 16. exd4 Rfd8 17. Rac1 Qa5 18. Be3 Qxa4 19. Rc7 Bd5 20. Rxe7 a5 21. Rxf7 Rf8 22. Rxf8+ Rxf8 23. Rc1 Qb3 24. Bc2 Qa2 25. Bg5 Kh8 26. Bxf6 gxf6 27. Qh5 f5 28. Ng6+ Kg7 29. Nxf8 Qxb2 30. Qxh7+ Kxf8 31. Qh6+ Ke7 32. Bxf5 exf5 33. Rc7+ 1-0


[Site "https://www.chess.com"]

[Event "Titled Tuesday Blitz June 21 Early 2022"]
[White "Sarkar, Justin"]
[Black "Maiorov, Nikita"]
[WhiteFideId "2010011"]
[BlackFideId "13501720"]
[WhiteElo "2020"]
[BlackElo "2417"]
[Result "0-1"]
[Round "04"]
[TimeControl "180+1"]
[Date "2022.06.21"]
[WhiteClock "0:00:01"]
[BlackClock "0:00:16"]

1. e4 c6 2. Nf3 d5 3. Nc3 Bg4 4. h3 Bxf3 5. Qxf3 e6 6. Be2 Nd7 7. d4 dxe4 8. Nxe4 Ngf6 9. c3 Be7 10. O-O O-O 11. a4 Nxe4 12. Qxe4 Nf6 13. Qc2 a5 14. Rd1 Nd5 15. Bf3 Qd7 16. c4 Nb4 17. Qe2 Rfe8 18. Be3 Bf6 19. Be4 g6 20. f4 Bg7 21. g4 Rad8 22. Rd2 Qc7 23. Rad1 Rd7 24. Kg2 Red8 25. Qf2 f5 26. Bf3 Rf8 27. d5 cxd5 28. cxd5 exd5 29. Bxd5+ Nxd5 30. Rxd5 Rxd5 31. Rxd5 Qc6 32. Qf3 Qxa4 33. gxf5 gxf5 34. Bc5 Re8 35. Qd3 Qc6 36. Kg3 b6 37. Bd6 Re4 0-1


[Site "https://www.chess.com"]

[Event "Titled Tuesday Blitz June 21 Early 2022"]
[White "Sethuraman, S.P."]
[Black "Rohith Krishna S"]
[WhiteFideId "5021596"]
[BlackFideId "46617051"]
[WhiteElo "2473"]
[BlackElo "2117"]
[Result "0-1"]
[Round "04"]
[TimeControl "180+1"]
[Date "2022.06.21"]
[WhiteClock "0:00:01"]
[BlackClock "0:00:18"]

1. d4 Nf6 2. c4 e6 3. Nc3 Bb4 4. Nf3 O-O 5. Bg5 h6 6. Bh4 d5 7. e3 Nbd7 8. cxd5 exd5 9. Qc2 c6 10. Bd3 Re8 11. O-O a6 12. a3 Be7 13. Rfe1 Ne4 14. Bxe4 Bxh4 15. Bh7+ Kh8 16. Bf5 Bf6 17. e4 dxe4 18. Nxe4 Be7 19. Qb3 Kg8 20. Rad1 Nf6 21. Bxc8 Qxc8 22. Ne5 Nd5 23. Nc3 Rd8 24. Nc4 Qc7 25. Nxd5 Rxd5 26. Nb6 Rad8 27. Nxd5 Rxd5 28. Re5 Rd7 29. Rde1 Bf6 30. Re8+ Kh7 31. Qc2+ g6 32. g3 Bxd4 33. Kg2 c5 34. R1e2 b5 35. h4 h5 36. Qe4 Kg7 37. Qa8 Rd6 38. Rg8+ Kf6 39. Ree8 Qc6+ 40. Qxc6 Rxc6 41. Rc8 Re6 42. Rge8 Rxe8 43. Rxe8 Bxb2 44. Ra8 Ke5 45. Rxa6 Kd4 46. Kf3 Kd3 47. Rb6 c4 48. Rxb5 c3 49. Rd5+ Kc4 50. Rd7 c2 51. Rc7+ Kd3 52. Rd7+ Bd4 53. Rc7 Bc3 54. Rd7+ Kc4 55. Rc7+ Kb3 56. Rxf7 c1=Q 57. Kg2 Qd1 58. Kh2 Qd5 59. Rf4 Be5 60. Rf8 Kxa3 61. Kg1 Bd4 62. Kh2 g5 0-1


[Site "https://www.chess.com"]

[Event "Titled Tuesday Blitz June 21 Early 2022"]
[White "Silvestre, Christian"]
[Black "Papp, Levente"]
[WhiteFideId "30956269"]
[BlackFideId "751243"]
[WhiteElo "2442"]
[BlackElo "2308"]
[Result "0-1"]
[Round "04"]
[TimeControl "180+1"]
[Date "2022.06.21"]
[WhiteClock "0:00:08"]
[BlackClock "0:00:15"]

1. d4 Nf6 2. c4 e6 3. g3 Bb4+ 4. Nd2 O-O 5. Bg2 d5 6. cxd5 exd5 7. Nf3 Re8 8. O-O c6 9. a3 Bd6 10. b4 Bg4 11. h3 Bh5 12. Bb2 Nbd7 13. Re1 Qc7 14. Rc1 Ne4 15. Nf1 a6 16. Qb3 Qd8 17. a4 Nb6 18. Ne3 Nxg3 19. fxg3 Bxg3 20. Rf1 Bf4 21. Rc3 Bxf3 22. Rxf3 Qg5 23. Bc1 Re4 24. Qc2 Rae8 25. Nf1 Rxe2 26. Rg3 Qxg3 27. Nxg3 Rxc2 28. Rxc2 Bxg3 29. Bf1 Nxa4 30. Rg2 Bd6 31. Bh6 g6 32. Bd2 f5 33. h4 Kf7 34. h5 Re4 35. Be2 Rxd4 36. Bh6 Rxb4 37. Bd1 Rb1 38. Kf2 Rxd1 39. Ke2 Nc3+ 0-1


[Site "https://www.chess.com"]

[Event "Titled Tuesday Blitz June 21 Early 2022"]
[White "Skliarov, Viktor"]
[Black "Kopczynski, Michal"]
[WhiteFideId "14106736"]
[BlackFideId "1124200"]
[WhiteElo "2229"]
[BlackElo "2235"]
[Result "1-0"]
[Round "04"]
[TimeControl "180+1"]
[Date "2022.06.21"]
[WhiteClock "0:00:07"]
[BlackClock "0:00:07"]

1. e4 c5 2. Nf3 d6 3. d4 cxd4 4. Qxd4 Bd7 5. c4 Nc6 6. Qd2 g6 7. b3 Bg7 8. Bb2 Nf6 9. Nc3 O-O 10. Be2 Qa5 11. Rb1 a6 12. O-O Bg4 13. a3 b5 14. cxb5 axb5 15. b4 Qb6 16. h3 Bxf3 17. Bxf3 Nd7 18. Nd5 Qd8 19. Bxg7 Kxg7 20. Qc3+ Nde5 21. Be2 e6 22. Bxb5 Na7 23. Be2 Rc8 24. Qb2 exd5 25. f4 Qb6+ 26. Kh2 d4 27. fxe5 dxe5 28. a4 Rc3 29. a5 Qc7 30. Rfc1 Rc8 31. Rxc3 dxc3 32. Qc2 Rb8 33. Rb3 Rc8 34. b5 Qxa5 35. b6 Nc6 36. Qxc3 Qa2 37. Rb2 Qe6 38. b7 Rb8 39. Bc4 Qf6 40. Bd5 Nd4 41. Ra2 Qf4+ 42. Qg3 Qc1 43. Qxe5+ Kh6 44. Qxd4 Qf4+ 45. g3 Qf1 46. Qd2+ Kg7 47. Qf2 Qb1 48. Qxf7+ Kh6 49. Qf4+ Kg7 50. Qxb8 Kh6 51. Qf4+ Kg7 52. b8=Q Qg1+ 53. Kxg1 1-0


[Site "https://www.chess.com"]

[Event "Titled Tuesday Blitz June 21 Early 2022"]
[White "Slugin, Sergey"]
[Black "Rodchenkov, Sergey D."]
[WhiteFideId "4122569"]
[BlackFideId "4168712"]
[WhiteElo "2358"]
[BlackElo "2293"]
[Result "0-1"]
[Round "04"]
[TimeControl "180+1"]
[Date "2022.06.21"]
[WhiteClock "0:00:05"]
[BlackClock "0:00:07"]

1. c4 e5 2. Nc3 Nf6 3. Nf3 Nc6 4. e4 Bb4 5. d3 d6 6. a3 Bxc3+ 7. bxc3 h6 8. g3 Nh7 9. Bg2 Ng5 10. Nh4 Bh3 11. Bxh3 Nxh3 12. Qg4 Ng5 13. f4 exf4 14. gxf4 Ne6 15. d4 g5 16. Nf5 Qf6 17. e5 Qg6 18. Nxd6+ cxd6 19. f5 h5 20. Qf3 g4 21. Qf2 Qh7 22. fxe6 Qe4+ 23. Kd2 fxe6 24. Re1 Qg6 25. exd6 O-O-O 26. Qe3 Rxd6 27. c5 Rd7 28. Qxe6 Qh7 29. Qe4 Qf7 30. Qd3 Rf8 31. Kc2 Na5 32. Be3 Qb3+ 33. Kc1 Nc4 34. Qc2 Qb5 35. Bg5 Qa6 36. a4 Rdf7 37. Qe4 Rf1 38. Kc2 R1f2+ 39. Re2 Rxe2+ 40. Qxe2 Na3+ 41. Kd2 Nc4+ 42. Ke1 Qc6 43. Qxc4 Re8+ 44. Kd1 Qh1+ 45. Kc2 Qxa1 46. Qd5 Qe1 47. Qf5+ Qe6 48. Qxe6+ Rxe6 49. Kd3 Rg6 50. Bf4 h4 51. Ke2 g3 52. hxg3 h3 53. Kf1 h2 54. Kg2 Ra6 55. Kxh2 Rxa4 56. Be5 Rc4 57. Kh3 a5 58. d5 a4 59. g4 a3 60. g5 a2 61. g6 a1=Q 62. g7 Qh1+ 63. Kg3 Qg1+ 0-1


[Site "https://www.chess.com"]

[Event "Titled Tuesday Blitz June 21 Early 2022"]
[White "Snehal, Bhosale"]
[Black "Nilssen, Ellen Fredericia"]
[WhiteFideId "5021995"]
[BlackFideId "1441230"]
[WhiteElo "2103"]
[BlackElo "2094"]
[Result "1-0"]
[Round "04"]
[TimeControl "180+1"]
[Date "2022.06.21"]
[WhiteClock "0:01:44"]
[BlackClock "0:01:17"]

1. d4 d5 2. c4 e6 3. Nf3 a6 4. Nc3 dxc4 5. a4 Nc6 6. e3 Na5 7. Ne5 c5 8. Nxc4 cxd4 9. exd4 Nf6 10. Bg5 Be7 11. Ne5 h6 12. Bh4 Nd5 13. Bxe7 Qxe7 14. Bd3 Qb4 15. O-O Nb3 16. Ra3 Nxd4 17. Nxd5 exd5 18. Nxf7 Kxf7 19. Qh5+ Kf6 20. Qg6+ Ke5 21. f4# 1-0


[Site "https://www.chess.com"]

[Event "Titled Tuesday Blitz June 21 Early 2022"]
[White "So, Wesley"]
[Black "Kosakowski, Jakub"]
[WhiteFideId "5202213"]
[BlackFideId "1185080"]
[WhiteElo "2742"]
[BlackElo "2476"]
[Result "1-0"]
[Round "04"]
[TimeControl "180+1"]
[Date "2022.06.21"]
[WhiteClock "0:00:25"]
[BlackClock "0:00:01"]

1. e4 c5 2. Nf3 d6 3. d4 cxd4 4. Nxd4 Nf6 5. Nc3 a6 6. Be2 e5 7. Nf3 h6 8. Nd2 Be6 9. Nc4 Nc6 10. Be3 b5 11. Nb6 Rb8 12. Nbd5 Be7 13. a4 b4 14. Nxf6+ Bxf6 15. Nd5 a5 16. Bb5 Bd7 17. Qd2 Bg5 18. c3 bxc3 19. bxc3 O-O 20. O-O Bxe3 21. Nxe3 Ne7 22. c4 Be6 23. Rfd1 Nc8 24. c5 Qh4 25. cxd6 Rd8 26. Qxa5 Nxd6 27. f3 Qg5 28. Nd5 Ra8 29. Qb4 Nxb5 30. axb5 Rxa1 31. Rxa1 Bxd5 32. exd5 Qe3+ 33. Kh1 Rxd5 34. b6 Qe2 35. Qb1 g6 36. b7 Rb5 37. b8=Q+ 1-0


[Site "https://www.chess.com"]

[Event "Titled Tuesday Blitz June 21 Early 2022"]
[White "Sovetbekova, Nurai"]
[Black "Piesik, Piotr"]
[WhiteFideId "13801910"]
[BlackFideId "1136194"]
[WhiteElo "1646"]
[BlackElo "2247"]
[Result "0-1"]
[Round "04"]
[TimeControl "180+1"]
[Date "2022.06.21"]
[WhiteClock "0:00:01"]
[BlackClock "0:00:17"]

1. d4 c5 2. d5 e5 3. c4 d6 4. Nc3 Be7 5. e4 Bg5 6. Nf3 Bxc1 7. Qxc1 Ne7 8. Bd3 O-O 9. O-O Ng6 10. Ne1 Nf4 11. Be2 f5 12. Nd3 Nxe2+ 13. Nxe2 fxe4 14. Ne1 Bf5 15. Ng3 Bg6 16. Qe3 Qh4 17. Nc2 Nd7 18. Rae1 Nf6 19. h3 Rae8 20. b4 b6 21. a4 Qf4 22. Qe2 h5 23. a5 h4 24. Nh1 Bh5 25. Qe3 Rc8 26. axb6 axb6 27. bxc5 Rxc5 28. Qb3 Rb8 29. Nb4 Be8 30. Na6 Rbc8 31. Nxc5 bxc5 32. Ra1 Bh5 33. Qb7 Rf8 34. Qe7 Be2 35. Ra7 Nh5 36. Qe6+ Kh7 37. Re1 Bxc4 38. Qxd6 Rf6 39. Qxc5 Bd3 40. d6 Rf8 41. d7 Qf6 42. Rc7 Rd8 0-1


[Site "https://www.chess.com"]

[Event "Titled Tuesday Blitz June 21 Early 2022"]
[White "Srbis, Jurica"]
[Black "Arabidze, Meri"]
[WhiteFideId "14515555"]
[BlackFideId "13604040"]
[WhiteElo "2519"]
[BlackElo "2335"]
[Result "1/2-1/2"]
[Round "04"]
[TimeControl "180+1"]
[Date "2022.06.21"]
[WhiteClock "0:00:19"]
[BlackClock "0:00:15"]

1. e4 c5 2. Nf3 e6 3. d4 cxd4 4. Nxd4 Nc6 5. Nc3 a6 6. Nxc6 bxc6 7. Bd3 d5 8. O-O Nf6 9. Re1 Bb7 10. Qf3 Be7 11. Qh3 Qc7 12. Bg5 dxe4 13. Bxe4 Nxe4 14. Nxe4 c5 15. Qh4 Bxe4 16. Qxe4 O-O 17. Bxe7 Qxe7 18. Rad1 Rab8 19. b3 Qc7 20. Rd3 Rfd8 21. Red1 h6 22. g3 Rxd3 23. Qxd3 c4 24. bxc4 Rc8 25. Qe4 g6 26. Rd4 h5 27. Qd3 Qa5 28. a3 Qc7 29. h4 e5 30. Rd5 Qxc4 31. Rxe5 Qxd3 32. cxd3 Rc3 33. Ra5 Rxd3 34. Rxa6 Rd2 35. Ra8+ Kg7 36. a4 Ra2 37. a5 Kf6 38. a6 Kf5 39. Kg2 f6 40. Kf3 Ra3+ 41. Kg2 Ra2 42. Kf3 Ra3+ 43. Ke2 Ra2+ 44. Ke3 Ra3+ 45. Kd4 Kg4 46. Kc5 Kf3 47. Kb6 Kxf2 48. Rg8 Kxg3 49. Rxg6+ Kxh4 50. Rxf6 Kh3 51. Rf5 Rxa6+ 52. Kxa6 h4 53. Kb5 Kg3 54. Rf8 h3 55. Rg8+ Kf2 56. Rf8+ Kg2 57. Rg8+ Kf2 58. Rf8+ Kg2 59. Kc4 h2 60. Rg8+ Kf2 61. Rh8 Kg2 62. Rxh2+ Kxh2 1/2-1/2


[Site "https://www.chess.com"]

[Event "Titled Tuesday Blitz June 21 Early 2022"]
[White "Starozhilov, Leonid"]
[Black "Leve, Nitai"]
[WhiteFideId "14106752"]
[BlackFideId "2006898"]
[WhiteElo "2414"]
[BlackElo "2144"]
[Result "1-0"]
[Round "04"]
[TimeControl "180+1"]
[Date "2022.06.21"]
[WhiteClock "0:00:30"]
[BlackClock "0:00:02"]

1. e4 c6 2. d3 d5 3. Nd2 Nf6 4. Ngf3 Bg4 5. Be2 e6 6. c3 Nbd7 7. O-O dxe4 8. dxe4 Nc5 9. Qc2 a5 10. Re1 a4 11. Bf1 Qc7 12. h3 Bh5 13. Nd4 Bd6 14. Nc4 Bh2+ 15. Kh1 Bf4 16. e5 Nd5 17. Bxf4 Nxf4 18. Qd2 Nd5 19. Nd6+ Kf8 20. c4 Nb6 21. b4 axb3 22. axb3 Rd8 23. b4 Na6 24. b5 Nc5 25. Ra7 h6 26. bxc6 Nc8 27. Nxc8 Qxc8 28. Qb4 b6 29. Qxb6 Nd3 30. Bxd3 Kg8 1-0


[Site "https://www.chess.com"]

[Event "Titled Tuesday Blitz June 21 Early 2022"]
[White "Steinberg, Nitzan"]
[Black "Zierk, Steven"]
[WhiteFideId "2801795"]
[BlackFideId "2034255"]
[WhiteElo "2471"]
[BlackElo "2494"]
[Result "1-0"]
[Round "04"]
[TimeControl "180+1"]
[Date "2022.06.21"]
[WhiteClock "0:01:30"]
[BlackClock "0:01:06"]

1. e4 e6 2. d4 d5 3. exd5 exd5 4. Nf3 Nc6 5. Bb5 Bd6 6. c4 dxc4 7. O-O a6 8. Bxc4 Nf6 9. Re1+ Be7 10. h3 O-O 11. Nc3 Bf5 12. a3 b5 13. Bb3 Na5 14. Ba2 Nc4 15. Bxc4 bxc4 16. Ne5 Be6 17. Nc6 Qd6 18. d5 Nxd5 19. Nxd5 Bh4 20. Ndb4 Qc5 21. Be3 Qd6 22. Qh5 1-0


[Site "https://www.chess.com"]